Map: 월드 오브 슬리퍼스 - 래더

Players

Bunny - Winner!

  • Race: Terran Terran
  • Spawn Location: 1:00

Zanster

  • Race: Zerg Zerg
  • Spawn Location: 7:00

Event: IEM Katowice 2020

VOD

Have the link to the VOD?

Description

Time

  • Played on: Feb. 25, 2020, 4:35 a.m.
  • Length: 13:40

All games in this series

Show
View Real Time Build Order
Export as new Build Order

Bunny Terran - Winner!

Build Orders: Command Center First (CC), Mech 

Get SALT Encoding   

  12  0:00  SCV  
  13  0:12  SCV  
  14  0:17  Supply Depot  
  14  0:24  SCV  
  15  0:38  SCV  
  16  0:50  SCV  
  17  0:58  Command Center  
  17  1:03  SCV  
  18  1:11  Barracks  
  18  1:15  SCV  
  19  1:22  Refinery  
  19  1:27  SCV  
  20  1:39  SCV  
  21  1:51  SCV  
  22  1:58  Marine  
  23  2:03  Orbital Command  
  23  2:10  Orbital Command  
  23  2:16  Marine  
  24  2:22  Factory  
  24  2:29  SCV  
  25  2:35  Command Center  
  25  2:36  SCV  
  26  2:41  SCV, Barracks Reactor  
  27  2:46  Refinery  
  27  2:48  SCV  
  28  2:53  SCV  
  29  3:00  SCV  
  29  3:05  SCV  
  31  3:07  Supply Depot  
  31  3:12  SCV  
  32  3:15  Starport  
  32  3:17  SCV  
  33  3:21  Hellion x2  
  33  3:24  SCV  
  38  3:29  SCV  
  39  3:36  SCV  
  40  3:43  Hellion x2  
  40  3:47  Marine  
  40  3:48  Supply Depot  
  45  3:49  Orbital Command  
  45  3:50  SCV x2  
  45  3:52  Fusion Core  
  45  3:53  Starport Tech Lab  
  47  4:02  SCV x2  
  49  4:06  Refinery x2, Hellion  
  49  4:07  Hellion  
  53  4:11  Supply Depot  
  53  4:14  SCV x2  
  53  4:15  SCV  
  56  4:26  SCV x2  
  56  4:28  SCV, Hellion x2  
  63  4:33  Supply Depot  
  63  4:39  Battlecruiser  
  63  4:40  SCV  
  63  4:41  SCV x2  
  72  4:48  Supply Depot  
  72  4:50  Hellion  
  72  4:51  Hellion  
  76  4:56  SCV, Supply Depot, Weapon Refit  
  76  4:57  SCV  
  78  5:05  Orbital Command  
  78  5:08  SCV  
  78  5:09  SCV  
  78  5:12  Factory  
  78  5:13  Factory  
  80  5:15  Hellion x2  
  80  5:21  SCV x2, Refinery  
  85  5:28  Supply Depot  
  86  5:30  Supply Depot  
  86  5:32  SCV  
  86  5:33  SCV x2  
  89  5:43  Battlecruiser  
  89  5:48  SCV x3  
  96  5:52  Hellion x2  
  100  6:03  Factory Tech Lab  
  100  6:04  SCV x2, Factory Tech Lab  
  100  6:05  SCV, Command Center  
  97  6:18  SCV x3  
  87  6:20  Hellion x2  
  87  6:23  Armory x2, Siege Tank x2  
  98  6:29  Engineering Bay  
  98  6:36  Supply Depot  
  98  6:39  SCV x3, Factory  
  101  6:40  Factory  
  101  6:44  Hellion x2  
  105  6:53  Battlecruiser  
  108  7:02  SCV x3  
  108  7:05  Missile Turret  
  108  7:06  Hellion x2  
  105  7:09  Missile Turret  
  105  7:11  Terran Vehicle Weapons Level 1  
  105  7:13  Terran Vehicle And Ship Armor Level 1  
  105  7:15  SCV x2, Missile Turret  
  104  7:16  SCV  
  104  7:20  Missile Turret, Planetary Fortress  
  106  7:25  Factory Reactor, Factory Tech Lab  
  106  7:26  Command Center  
  106  7:27  Hellion x2  
  106  7:29  Missile Turret  
  110  7:30  Supply Depot  
  110  7:33  SCV x3  
  110  7:36  Siege Tank  
  116  7:41  Refinery x2  
  116  7:45  SCV x3  
  116  7:47  Missile Turret  
  116  7:48  Siege Tank  
  121  7:56  Hellbat, Siege Tank  
  121  7:57  Hellbat  
  127  8:00  Supply Depot, Missile Turret  
  128  8:05  SCV  
  128  8:06  SCV x3  
  128  8:07  Command Center  
  128  8:08  Hellion  
  128  8:09  Hellion  
  128  8:12  Mag-Field Accelerator, Infernal Pre-Igniter  
  135  8:24  Missile Turret  
  133  8:29  Siege Tank x3  
  125  8:39  Hellion x3  
  125  8:40  Hellion  
  128  8:46  Missile Turret  
  128  8:47  SCV x4, Missile Turret  
  129  8:58  Factory  
  129  8:59  SCV, Factory  
  129  9:01  Factory, Hellion, Siege Tank  
  135  9:06  Terran Vehicle Weapons Level 2  
  135  9:08  SCV x3  
  138  9:15  Cyclone, Refinery  
  141  9:17  Cyclone  
  141  9:19  Hellion  
  141  9:20  Hellion x2, Orbital Command  
  141  9:22  Hellion  
  152  9:24  Refinery  
  152  9:26  Missile Turret, Planetary Fortress  
  152  9:33  Cyclone  
  155  9:41  Hellion x3  
  155  9:43  Factory Tech Lab, Hellion  
  155  9:45  Factory Tech Lab  
  163  9:47  Factory Reactor  
  163  9:48  Missile Turret, Cyclone  
  163  9:49  Cyclone  
  169  9:54  Terran Vehicle And Ship Armor Level 2  
  169  10:02  Hellion x2  
  169  10:03  Hellion  
  169  10:05  Hellion  
  169  10:06  Hellion x2  
  177  10:08  Cyclone x3  
  177  10:12  Hellion x5  
  186  10:18  Command Center  
  186  10:22  Supply Depot  
  186  10:24  Supply Depot  
  186  10:30  Command Center  
  186  10:34  Missile Turret  
  186  10:38  Missile Turret  
  186  10:44  Cyclone, Hellion x2  
  186  10:46  Hellion x3  
  186  10:47  Cyclone x2  
  186  10:49  Cyclone, Hellion  
  189  11:01  Cyclone  
  165  11:06  Hellion x2  
  165  11:07  Hellion x3  
  163  11:16  SCV, Cyclone  
  163  11:17  SCV x4  
  169  11:19  Cyclone x2  
  169  11:21  Cyclone  
  169  11:23  Hellion  
  180  11:27  Hellion x2  
  180  11:29  SCV  
  180  11:31  Orbital Command  
  184  11:34  Cyclone  
  184  11:35  Hellion  
  189  11:41  Hellion x2  
  189  11:44  Hellion  
  189  11:46  Sensor Tower  
  195  11:48  Cyclone  
  198  12:00  Cyclone x3  
  199  12:05  Hellion x3  
  193  12:11  Hellion x3  
  192  12:17  Advanced Ballistics  
  192  12:18  Starport  
  192  12:20  Starport  
  192  12:21  Starport Reactor  
  192  12:23  Cyclone x2  
  198  12:31  Hellion  
  198  12:36  Planetary Fortress  
  200  12:39  Refinery  
  197  12:50  Cyclone x2  
  195  12:53  Cyclone  
  195  12:55  Cyclone  
  199  13:08  Cyclone  
  199  13:10  Hellion x2  
  199  13:12  Hellion x4  
  180  13:20  Missile Turret  
  180  13:24  Command Center  
  187  13:30  Command Center  
  198  13:35  Starport Reactor x2  
Show
View Real Time Build Order
Export as new Build Order

Zanster Zerg 

Build Orders: Hatch First 

Get SALT Encoding   

  12  0:01  Drone  
  13  0:13  Overlord  
  13  0:17  Drone  
  14  0:31  Drone x2  
  16  0:48  Hatchery  
  15  0:51  Drone  
  15  0:54  Drone  
  17  0:57  Drone  
  18  1:08  Extractor  
  17  1:13  Spawning Pool  
  17  1:15  Drone  
  17  1:19  Drone  
  18  1:29  Drone  
  20  1:40  Drone  
  20  1:51  Drone  
  21  2:00  Queen x2  
  25  2:01  Zergling x2  
  25  2:02  Zergling x2  
  27  2:13  Overlord  
  27  2:14  Drone  
  28  2:24  Hatchery  
  28  2:25  Drone  
  28  2:33  Drone x3  
  31  2:41  Queen  
  31  2:43  Metabolic Boost  
  33  2:47  Drone  
  34  2:51  Overlord  
  34  2:53  Drone  
  34  2:56  Drone  
  36  3:11  Overlord  
  36  3:12  Drone x4  
  40  3:15  Drone  
  40  3:17  Queen  
  40  3:19  Drone  
  44  3:29  Drone  
  44  3:31  Overlord  
  45  3:36  Drone  
  45  3:37  Queen  
  45  3:39  Drone  
  48  3:49  Drone x7  
  48  3:50  Drone  
  48  3:54  Queen  
  58  3:59  Overlord  
  58  4:03  Zergling x4  
  58  4:08  Drone  
  58  4:09  Lair  
  61  4:16  Roach Warren, Overlord  
  60  4:21  Drone x6  
  60  4:23  Drone  
  67  4:24  Extractor  
  67  4:25  Drone  
  67  4:27  Drone  
  67  4:28  Extractor x2, Drone  
  67  4:31  Drone  
  68  4:32  Drone  
  68  4:34  Drone  
  68  4:37  Overlord  
  70  4:40  Drone x2  
  70  4:43  Extractor  
  71  4:46  Overlord  
  71  4:49  Drone  
  71  4:51  Drone  
  71  4:52  Drone x6  
  79  4:58  Overlord  
  79  5:06  Roach  
  79  5:07  Roach x4  
  89  5:09  Roach  
  89  5:10  Glial Reconstitution  
  89  5:13  Extractor  
  90  5:15  Overseer  
  90  5:17  Overlord  
  90  5:24  Drone x2  
  90  5:25  Drone  
  90  5:26  Drone  
  90  5:27  Drone x2  
  96  5:29  Spire  
  96  5:30  Drone x2  
  97  5:36  Roach x3  
  97  5:39  Spore Crawler  
  97  5:40  Spore Crawler  
  97  5:41  Hatchery  
  96  5:50  Overlord  
  96  5:52  Spore Crawler x2  
  96  5:53  Spore Crawler  
  89  5:57  Drone x9  
  89  6:03  Drone x2  
  88  6:16  Drone x5  
  88  6:17  Drone x2  
  89  6:39  Overlord  
  89  6:42  Corruptor x7  
  101  6:50  Zerg Flyer Weapons Level 1  
  101  6:51  Overlord  
  101  6:53  Drone  
  102  6:55  Drone  
  102  6:59  Overlord  
  101  7:02  Roach x3  
  101  7:03  Overlord  
  101  7:08  Roach x2  
  101  7:15  Roach  
  101  7:16  Roach x3  
  101  7:18  Roach  
  101  7:19  Roach  
  111  7:26  Roach x2  
  111  7:27  Roach x2  
  111  7:28  Zergling x8  
  123  7:33  Roach x2  
  123  7:35  Extractor  
  123  7:36  Hatchery  
  125  7:39  Roach x2  
  125  7:41  Evolution Chamber  
  125  7:42  Roach  
  125  7:43  Roach  
  132  7:49  Overlord x2  
  132  7:55  Ravager, Drone x7  
  132  7:56  Ravager  
  132  7:57  Ravager x2  
  143  8:00  Drone  
  143  8:02  Overlord  
  134  8:21  Zergling x2, Roach x5  
  97  8:43  Drone  
  97  8:44  Drone x7  
  97  8:45  Zerg Missile Weapons Level 1  
  97  8:47  Corruptor x5  
  113  8:50  Drone x4  
  113  8:51  Drone  
  118  8:57  Drone x4  
  118  8:58  Drone  
  123  9:05  Drone x5  
  123  9:06  Drone  
  123  9:08  Drone  
  130  9:11  Drone  
  130  9:12  Drone  
  130  9:15  Drone  
  133  9:19  Corruptor x2  
  133  9:22  Ravager x8  
  145  9:24  Roach  
  145  9:25  Roach  
  145  9:26  Zergling x2  
  145  9:29  Drone x4  
  154  9:33  Spine Crawler  
  154  9:39  Corruptor  
  154  9:40  Corruptor x2  
  154  9:42  Overlord  
  154  9:44  Overlord  
  159  9:50  Overlord  
  159  9:57  Roach  
  159  9:58  Roach  
  160  10:07  Zergling x24, Roach x2  
  167  10:08  Overseer  
  168  10:15  Zergling x8, Roach x4  
  180  10:21  Hatchery  
  180  10:28  Zergling x2, Roach x2  
  184  10:32  Hatchery  
  183  10:36  Zergling x2  
  183  10:37  Overlord x2  
  164  10:53  Zergling x34, Roach x2  
  167  11:03  Roach x3  
  150  11:06  Roach  
  134  11:12  Roach x3  
  134  11:14  Zerg Missile Weapons Level 2  
  134  11:17  Infestation Pit  
  127  11:18  Evolution Chamber  
  127  11:19  Roach  
  127  11:20  Roach x5  
  127  11:24  Roach  
  138  11:26  Queen  
  137  11:34  Roach x4  
  137  11:37  Hydralisk Den  
  137  11:38  Roach x2  
  137  11:39  Ravager x7  
  153  11:46  Roach x9  
  166  11:55  Drone x2  
  166  11:56  Drone x2  
  166  11:58  Roach x4  
  171  12:02  Roach  
  171  12:03  Roach  
  163  12:10  Roach x4  
  163  12:15  Roach x7  
  179  12:18  Ravager x3  
  179  12:20  Spore Crawler  
  179  12:21  Spore Crawler  
  180  12:23  Corruptor x3  
  180  12:25  Corruptor  
  188  12:30  Corruptor  
  177  12:47  Roach x5  
  177  12:48  Overlord  
  177  12:50  Overlord  
  178  12:54  Overlord  
  174  13:02  Lurker Den, Extractor x2  
  169  13:09  Zergling x18, Roach x2  
  169  13:10  Zergling x16  
  159  13:16  Zergling x12, Roach  
  141  13:20  Roach x2  

Tags
 
Add a new tag
Caveats
  • Supply blocks, unpowered buildings, or Contaminate may cause inaccurate times.
  • Supply counts are checked every 10 seconds.